AoeStats
← Emperor2698

Arabian Desert

509659124Analyzed
1v1 RM · 5d ago on Sep 27, 2026· 53m 46s· 2 players
Game mode
Random Map
Map size
Tiny (2 player)
Population
200
Speed
Normal
Resources
Standard
Victory
Conquest
Starting age
Dark Age
Ending age
Imperial Age
RankedLock teamsTeams togetherTeam positionsShared explorationLock speedFull tech treeHidden civsTurbo modeCheats
Victory
Defeat
🇮🇳 Danes · India
1304
+18
🇧🇷 Armenians · Brazil
1346
-18
Emperor2698
6:58 Loom
9:39 Feudal Age
10:25 Man-at-Arms
11:02 Double-Bit Axe
14:38 Arson
18:50 Forging
20:49 Wheelbarrow
20:32 Horse Collar
20:50 Fletching
21:32 Scale Mail Armor
22:00 Gold Mining
23:53 Padded Archer Armor
26:25 Castle Age
26:28 Elite Skirmisher
27:04 Bodkin Arrow
26:40 Long Swordsman
29:35 Bow Saw
32:02 Leather Archer Armor
32:45 Squires
33:09 Chain Mail Armor
32:44 Gambesons
34:57 Iron Casting
41:26 Heavy Plow
53:19 Thumb Ring
Jazida_
3:33 Loom
9:42 Feudal Age
10:28 Double-Bit Axe
11:57 Town Watch
14:38 Horse Collar
20:25 Castle Age
18:44 Stone Mining
26:14 Fletching
28:50 Padded Archer Armor
31:42 Gold Mining
33:41 Wheelbarrow
34:31 Bodkin Arrow
37:11 Leather Archer Armor
46:12 Ballistics
49:46 Masonry
Connection lost

Rejoining the realm…

Still unreachable

The connection could not be restored.

Session expired

The server has moved on; the page needs a fresh start.